[ AOE2 MATCH · #482167065 ]
UnrankedBritons vs Berbers
[ REPLAY ANALYSIS · EXTRACTED FROM THE RECORDED GAME ]
Feudal
8:54
Castle
24:43
Imperial
44:29
| APM avg | 53.7 |
| APM peak | 103 |
| eAPM avg | 26.7 |
| Villagers / military | 215 / 275 |
Focus
⚔️ 36.0% · 🌾 64.0%
Archer ×275
Feudal
9:17
Castle
26:11
Imperial
43:20
| APM avg | 21.1 |
| APM peak | 46 |
| eAPM avg | 14.9 |
| Villagers / military | 158 / 118 |
Focus
⚔️ 39.1% · 🌾 60.9%
Scout Cavalry ×73 · Monk ×29 · Knight ×13 · Mangonel ×3
Feudal
8:55
Castle
25:48
Imperial
42:00
| APM avg | 31.9 |
| APM peak | 60 |
| eAPM avg | 18.1 |
| Villagers / military | 154 / 185 |
Focus
⚔️ 25.4% · 🌾 74.6%
Camel Scout ×154 · Scout Cavalry ×29 · Knight ×2
Feudal
9:59
Castle
28:02
Imperial
—
| APM avg | 41.2 |
| APM peak | 112 |
| eAPM avg | 25.4 |
| Villagers / military | 50 / 75 |
Focus
⚔️ 63.0% · 🌾 37.0%
Archer ×59 · Skirmisher ×15 · Monk ×1
Feudal
8:26
Castle
22:35
Imperial
38:48
| APM avg | 51.2 |
| APM peak | 87 |
| eAPM avg | 20.9 |
| Villagers / military | 64 / 246 |
Focus
⚔️ 48.8% · 🌾 51.2%
Archer ×242 · Trebuchet (Packed) ×3 · Monk ×1
Feudal
9:32
Castle
26:17
Imperial
38:57
| APM avg | 27.0 |
| APM peak | 66 |
| eAPM avg | 12.1 |
| Villagers / military | 76 / 91 |
Focus
⚔️ 30.1% · 🌾 69.9%
Genoese Crossbowman ×59 · Archer ×27 · Spearman ×3 · Trebuchet (Packed) ×2
Feudal
8:56
Castle
24:51
Imperial
38:38
| APM avg | 67.0 |
| APM peak | 115 |
| eAPM avg | 29.8 |
| Villagers / military | 154 / 293 |
Focus
⚔️ 43.4% · 🌾 56.6%
Knight ×129 · Scout Cavalry ×107 · Battle Elephant ×50 · Monk ×4 · Trebuchet (Packed) ×3
Feudal
9:49
Castle
22:35
Imperial
42:36
| APM avg | 57.1 |
| APM peak | 133 |
| eAPM avg | 13.3 |
| Villagers / military | 138 / 222 |
Focus
⚔️ 33.7% · 🌾 66.3%
Knight ×193 · Scout Cavalry ×27 · Spearman ×2
Match map
Initial resources + every placement click. Lines = walls · curves = elevation contours. ◆ gold · ⬟ stone · ● berries · ✦ relic · ◌ wall gap
Your base· ✓ Closed at 24:43 · 13t walls · no gate
Fanume's base· ✓ Closed at 26:11 · 0t walls · no gate
Tonymontana's base· ✓ Closed at 25:48 · 0t walls · no gate
Bizzy's base· ✓ Closed at 28:02 · 21t walls · no gate
ccereal's base· ✓ Closed at 22:35 · 16t walls · 1 gate(s)
牛比无极限's base· ✓ Closed at 26:17 · 30t walls · 1 gate(s)
p0n0n0's base· ✓ Closed at 24:51 · 0t walls · no gate
Sauron_ator's base· ✓ Closed at 22:35 · 11t walls · no gate
Smoothed initial terrain · ◌ = detected wall gap · hover for details
Inputs per minute
— Flybidi - - Fanume
Build order — Flybidi
First 150 of 515 actions detected
| 0:00 | Create | Villager (Male) |
| 0:01 | Create | Villager (Male) |
| 0:01 | Create | Villager (Male) |
| 0:01 | Create | Villager (Male) |
| 0:03 | Build | House |
| 0:04 | Build | House |
| 1:17 | Create | Villager (Male) |
| 1:18 | Create | Villager (Male) |
| 1:46 | Create | Villager (Male) |
| 1:46 | Create | Villager (Male) |
| 1:47 | Create | Villager (Male) |
| 1:52 | Build | Lumber Camp |
| 2:09 | Build | House |
| 2:15 | Build | House |
| 2:23 | Create | Villager (Male) |
| 2:24 | Create | Villager (Male) |
| 2:24 | Create | Villager (Male) |
| 2:37 | Create | Villager (Male) |
| 2:37 | Create | Villager (Male) |
| 2:37 | Create | Villager (Male) |
| 2:52 | Build | House |
| 3:13 | Create | Villager (Male) |
| 3:14 | Create | Villager (Male) |
| 3:14 | Create | Villager (Male) |
| 3:23 | Create | Villager (Male) |
| 3:24 | Create | Villager (Male) |
| 3:24 | Create | Villager (Male) |
| 4:14 | Create | Villager (Male) |
| 4:14 | Create | Villager (Male) |
| 4:14 | Create | Villager (Male) |
| 4:15 | Create | Villager (Male) |
| 4:25 | Create | Villager (Male) |
| 4:25 | Create | Villager (Male) |
| 4:25 | Create | Villager (Male) |
| 4:40 | Create | Villager (Male) |
| 4:40 | Create | Villager (Male) |
| 4:41 | Create | Villager (Male) |
| 5:01 | Create | Villager (Male) |
| 5:02 | Create | Villager (Male) |
| 5:26 | Build | Mining Camp |
| 5:35 | Create | Villager (Male) |
| 5:35 | Research | Loom |
| 6:36 | Research | Feudal Age |
| 7:09 | Build | House |
| 7:12 | Build | Palisade Wall |
| 7:36 | Build | Barracks |
| 8:54 | Age | Feudal Age |
| 8:57 | Build | Archery Range |
| 9:04 | Create | Villager (Male) |
| 9:04 | Create | Villager (Male) |
| 9:15 | Build | Archery Range |
| 9:18 | Build | House |
| 9:44 | Create | Villager (Male) |
| 9:56 | Create | Archer |
| 10:10 | Create | Villager (Male) |
| 10:33 | Create | Villager (Male) |
| 10:35 | Create | Archer |
| 10:38 | Create | Archer |
| 10:38 | Create | Villager (Male) |
| 10:43 | Build | Mill |
| 10:45 | Create | Archer |
| 10:45 | Create | Archer |
| 11:12 | Create | Archer |
| 11:14 | Build | House |
| 11:43 | Build | Blacksmith |
| 11:44 | Create | Archer |
| 11:44 | Create | Archer |
| 11:45 | Create | Villager (Male) |
| 11:45 | Create | Villager (Male) |
| 11:48 | Create | Villager (Male) |
| 11:59 | Create | Archer |
| 11:59 | Create | Archer |
| 12:02 | Build | House |
| 12:21 | Create | Archer |
| 12:22 | Create | Archer |
| 12:22 | Create | Archer |
| 12:22 | Create | Villager (Male) |
| 12:23 | Create | Villager (Male) |
| 12:38 | Research | Fletching |
| 12:41 | Create | Archer |
| 12:41 | Create | Archer |
| 13:06 | Create | Villager (Male) |
| 13:06 | Create | Villager (Male) |
| 13:06 | Create | Villager (Male) |
| 13:15 | Create | Archer |
| 13:15 | Create | Archer |
| 13:27 | Create | Villager (Male) |
| 13:27 | Create | Villager (Male) |
| 13:27 | Create | Villager (Male) |
| 13:54 | Create | Archer |
| 13:54 | Create | Archer |
| 13:54 | Create | Archer |
| 13:55 | Create | Villager (Male) |
| 13:55 | Create | Villager (Male) |
| 13:55 | Create | Villager (Male) |
| 14:04 | Build | House |
| 14:04 | Build | House |
| 14:14 | Build | House |
| 14:15 | Build | Palisade Wall |
| 14:17 | Create | Villager (Male) |
| 14:22 | Create | Archer |
| 14:22 | Create | Archer |
| 14:26 | Research | Double-Bit Axe |
| 14:32 | Create | Villager (Male) |
| 14:39 | Create | Villager (Male) |
| 14:43 | Create | Villager (Male) |
| 14:43 | Create | Villager (Male) |
| 14:58 | Create | Archer |
| 14:58 | Create | Archer |
| 14:59 | Create | Villager (Male) |
| 14:59 | Create | Villager (Male) |
| 15:19 | Create | Villager (Male) |
| 15:20 | Create | Villager (Male) |
| 15:31 | Build | House |
| 15:32 | Build | House |
| 15:33 | Build | House |
| 15:35 | Build | Palisade Wall |
| 16:08 | Create | Archer |
| 16:08 | Create | Archer |
| 16:09 | Create | Villager (Male) |
| 16:09 | Create | Villager (Male) |
| 16:11 | Build | Farm |
| 16:11 | Build | Farm |
| 16:12 | Build | Farm |
| 16:12 | Build | Farm |
| 16:12 | Build | Farm |
| 16:12 | Build | Farm |
| 16:13 | Build | Farm |
| 16:20 | Create | Archer |
| 16:21 | Create | Archer |
| 16:43 | Create | Villager (Male) |
| 16:52 | Build | Palisade Wall |
| 16:59 | Create | Villager (Male) |
| 16:59 | Create | Villager (Male) |
| 17:06 | Build | Lumber Camp |
| 17:09 | Build | Farm |
| 17:10 | Build | Farm |
| 17:10 | Build | Farm |
| 17:10 | Build | Farm |
| 17:18 | Create | Archer |
| 17:18 | Create | Archer |
| 17:19 | Create | Archer |
| 17:32 | Build | Farm |
| 17:33 | Build | Farm |
| 17:43 | Create | Villager (Male) |
| 17:44 | Create | Villager (Male) |
| 18:08 | Create | Archer |
| 18:08 | Create | Archer |
| 18:09 | Create | Archer |
| 18:09 | Create | Archer |
Build order — Fanume
First 150 of 338 actions detected
| 0:01 | Create | Villager (Male) |
| 0:02 | Create | Villager (Male) |
| 0:03 | Build | House |
| 0:05 | Build | House |
| 0:16 | Create | Villager (Male) |
| 0:16 | Create | Villager (Male) |
| 0:16 | Create | Villager (Male) |
| 1:32 | Create | Villager (Male) |
| 1:32 | Create | Villager (Male) |
| 1:32 | Create | Villager (Male) |
| 1:32 | Create | Villager (Male) |
| 1:32 | Create | Villager (Male) |
| 1:54 | Build | Lumber Camp |
| 2:04 | Create | Villager (Male) |
| 2:04 | Create | Villager (Male) |
| 2:04 | Create | Villager (Male) |
| 2:04 | Create | Villager (Male) |
| 2:20 | Create | Villager (Male) |
| 2:20 | Create | Villager (Male) |
| 2:20 | Create | Villager (Male) |
| 2:46 | Create | Villager (Male) |
| 2:46 | Create | Villager (Male) |
| 2:46 | Create | Villager (Male) |
| 3:03 | Create | Villager (Male) |
| 3:03 | Create | Villager (Male) |
| 3:03 | Create | Villager (Male) |
| 3:03 | Create | Villager (Male) |
| 3:35 | Create | Villager (Male) |
| 3:35 | Create | Villager (Male) |
| 3:35 | Create | Villager (Male) |
| 3:54 | Build | House |
| 4:16 | Create | Villager (Male) |
| 4:16 | Create | Villager (Male) |
| 4:16 | Create | Villager (Male) |
| 4:16 | Create | Villager (Male) |
| 5:10 | Create | Villager (Male) |
| 5:16 | Build | Mill |
| 5:23 | Build | Mill |
| 5:27 | Create | Villager (Male) |
| 5:41 | Build | House |
| 6:04 | Create | Villager (Male) |
| 6:04 | Create | Villager (Male) |
| 6:05 | Create | Villager (Male) |
| 7:07 | Research | Feudal Age |
| 8:44 | Build | Barracks |
| 9:09 | Research | Loom |
| 9:10 | Create | Villager (Male) |
| 9:10 | Create | Villager (Male) |
| 9:17 | Age | Feudal Age |
| 9:21 | Research | Double-Bit Axe |
| 9:50 | Build | Stable |
| 10:09 | Create | Villager (Male) |
| 10:19 | Build | House |
| 10:20 | Build | House |
| 10:33 | Create | Scout Cavalry |
| 10:33 | Create | Scout Cavalry |
| 10:33 | Create | Scout Cavalry |
| 10:47 | Create | Villager (Male) |
| 10:53 | Build | Farm |
| 10:56 | Build | Farm |
| 10:57 | Build | Farm |
| 11:01 | Build | House |
| 11:26 | Create | Villager (Male) |
| 11:37 | Build | Blacksmith |
| 11:39 | Create | Villager (Male) |
| 11:41 | Create | Scout Cavalry |
| 11:56 | Create | Villager (Male) |
| 12:08 | Build | House |
| 12:09 | Build | House |
| 12:14 | Create | Scout Cavalry |
| 12:32 | Research | Scale Barding Armor |
| 12:44 | Create | Villager (Male) |
| 12:45 | Create | Villager (Male) |
| 12:50 | Build | Farm |
| 12:52 | Build | Farm |
| 12:53 | Build | Farm |
| 13:04 | Create | Scout Cavalry |
| 13:06 | Create | Villager (Male) |
| 13:14 | Build | Farm |
| 13:15 | Build | Farm |
| 13:16 | Build | Farm |
| 13:18 | Build | Farm |
| 14:00 | Create | Villager (Male) |
| 14:01 | Create | Scout Cavalry |
| 14:09 | Research | Forging |
| 14:12 | Build | Farm |
| 14:14 | Build | Farm |
| 14:15 | Build | Farm |
| 14:26 | Create | Scout Cavalry |
| 14:29 | Create | Villager (Male) |
| 15:03 | Create | Villager (Male) ×4 |
| 15:03 | Create | Villager (Male) ×4 |
| 15:19 | Create | Scout Cavalry |
| 15:57 | Create | Scout Cavalry |
| 16:24 | Create | Villager (Male) |
| 16:39 | Create | Scout Cavalry |
| 16:40 | Create | Scout Cavalry |
| 16:45 | Build | Farm |
| 16:45 | Build | Farm |
| 16:45 | Build | Farm |
| 16:46 | Build | Farm |
| 16:46 | Build | Farm |
| 16:46 | Build | Farm |
| 16:46 | Build | Farm |
| 16:47 | Build | Farm |
| 16:47 | Build | Farm |
| 17:07 | Create | Villager (Male) |
| 17:11 | Build | Mining Camp |
| 17:23 | Build | House |
| 17:24 | Build | House |
| 17:25 | Build | House |
| 17:26 | Build | House |
| 17:30 | Build | Farm |
| 17:37 | Create | Scout Cavalry |
| 18:14 | Create | Villager (Male) |
| 18:14 | Create | Villager (Male) |
| 18:26 | Create | Scout Cavalry |
| 18:27 | Create | Scout Cavalry |
| 18:31 | Research | Wheelbarrow |
| 18:33 | Research | Horse Collar |
| 18:34 | Research | Gold Mining |
| 19:06 | Create | Scout Cavalry |
| 19:15 | Create | Villager (Male) |
| 19:19 | Build | Farm |
| 19:23 | Build | Farm |
| 19:39 | Create | Villager (Male) |
| 19:43 | Build | House |
| 19:45 | Build | House |
| 19:46 | Build | House |
| 19:47 | Build | House |
| 19:59 | Research | Bloodlines |
| 20:16 | Create | Scout Cavalry |
| 20:23 | Build | Stable |
| 20:30 | Create | Villager (Male) |
| 20:43 | Create | Scout Cavalry |
| 20:43 | Create | Scout Cavalry |
| 20:47 | Create | Villager (Male) |
| 20:58 | Build | House |
| 21:16 | Create | Scout Cavalry |
| 21:18 | Create | Scout Cavalry |
| 21:23 | Create | Villager (Male) |
| 21:39 | Create | Scout Cavalry |
| 21:39 | Create | Scout Cavalry |
| 21:39 | Create | Scout Cavalry |
| 21:56 | Create | Villager (Male) |
| 21:57 | Create | Villager (Male) |
| 22:11 | Build | Farm |
| 22:14 | Build | Farm |
| 22:16 | Build | Farm |
| 22:17 | Build | Farm |
Build order — Tonymontana
First 150 of 448 actions detected
| 0:01 | Create | Villager (Male) |
| 0:01 | Create | Villager (Male) |
| 0:02 | Create | Villager (Male) |
| 0:02 | Create | Villager (Male) |
| 0:05 | Build | House |
| 0:07 | Build | House |
| 1:36 | Create | Villager (Male) |
| 2:10 | Create | Villager (Male) |
| 2:13 | Build | House |
| 2:27 | Create | Villager (Male) |
| 2:27 | Create | Villager (Male) |
| 2:31 | Build | Lumber Camp |
| 2:47 | Create | Villager (Male) |
| 2:47 | Create | Villager (Male) |
| 2:47 | Create | Villager (Male) |
| 3:27 | Create | Villager (Male) |
| 3:28 | Create | Villager (Male) |
| 3:28 | Create | Villager (Male) |
| 4:31 | Create | Villager (Male) |
| 4:32 | Create | Villager (Male) |
| 4:32 | Create | Villager (Male) |
| 4:56 | Create | Villager (Male) |
| 4:57 | Create | Villager (Male) |
| 4:57 | Create | Villager (Male) |
| 5:32 | Research | Loom |
| 5:35 | Build | Mill |
| 6:43 | Research | Feudal Age |
| 7:39 | Build | House |
| 7:46 | Build | Barracks |
| 8:25 | Create | Villager (Male) |
| 8:28 | Research | Loom |
| 8:55 | Age | Feudal Age |
| 9:04 | Build | Stable |
| 9:29 | Create | Villager (Male) |
| 9:29 | Create | Villager (Male) |
| 9:35 | Build | House |
| 9:36 | Build | House |
| 9:58 | Create | Scout Cavalry |
| 9:59 | Create | Scout Cavalry |
| 10:02 | Create | Scout Cavalry |
| 10:03 | Create | Villager (Male) |
| 10:03 | Create | Villager (Male) |
| 10:31 | Build | Farm |
| 11:43 | Research | Double-Bit Axe |
| 11:44 | Build | Farm |
| 11:45 | Build | Farm |
| 11:45 | Build | Farm |
| 11:45 | Create | Villager (Male) |
| 11:51 | Create | Villager (Male) |
| 12:12 | Build | Farm |
| 12:13 | Build | Farm |
| 12:13 | Build | Farm |
| 12:13 | Build | Farm |
| 12:13 | Build | Farm |
| 12:18 | Build | Farm |
| 12:22 | Create | Scout Cavalry |
| 12:22 | Create | Scout Cavalry |
| 12:26 | Build | House |
| 12:44 | Build | Farm |
| 12:49 | Create | Villager (Male) |
| 13:01 | Create | Villager (Male) |
| 13:20 | Build | House |
| 13:23 | Create | Scout Cavalry |
| 13:23 | Create | Villager (Male) |
| 13:25 | Build | Farm |
| 13:36 | Build | Market |
| 13:40 | Create | Villager (Male) |
| 13:48 | Build | Farm |
| 14:00 | Create | Scout Cavalry |
| 14:01 | Create | Villager (Male) |
| 14:01 | Create | Villager (Male) |
| 14:04 | Build | House |
| 14:19 | Create | Villager (Male) |
| 14:19 | Create | Villager (Male) |
| 14:56 | Create | Scout Cavalry |
| 14:57 | Create | Scout Cavalry |
| 15:02 | Build | House |
| 15:07 | Research | Horse Collar |
| 15:34 | Build | Farm |
| 15:36 | Create | Villager (Male) |
| 15:37 | Create | Scout Cavalry |
| 15:38 | Create | Scout Cavalry |
| 15:38 | Create | Villager (Male) |
| 15:38 | Create | Villager (Male) |
| 15:39 | Create | Villager (Male) |
| 15:47 | Build | Farm |
| 16:27 | Create | Scout Cavalry |
| 16:33 | Build | Farm |
| 16:37 | Build | Blacksmith |
| 17:02 | Build | Farm |
| 17:02 | Build | Farm |
| 17:04 | Build | Farm |
| 17:05 | Build | Farm |
| 17:11 | Create | Villager (Male) |
| 17:11 | Create | Villager (Male) |
| 17:21 | Research | Scale Barding Armor |
| 17:22 | Research | Forging |
| 17:31 | Build | Farm |
| 17:56 | Build | Farm |
| 18:01 | Create | Villager (Male) |
| 18:02 | Create | Scout Cavalry |
| 18:02 | Create | Scout Cavalry |
| 18:25 | Create | Villager (Male) |
| 18:34 | Build | Stable |
| 18:36 | Create | Villager (Male) |
| 18:37 | Create | Scout Cavalry |
| 18:37 | Create | Scout Cavalry |
| 19:09 | Build | Mining Camp |
| 19:13 | Create | Villager (Male) |
| 19:16 | Create | Scout Cavalry |
| 19:16 | Create | Scout Cavalry |
| 19:16 | Create | Scout Cavalry |
| 19:16 | Create | Scout Cavalry |
| 19:30 | Create | Villager (Male) |
| 19:30 | Create | Villager (Male) |
| 19:53 | Create | Scout Cavalry |
| 19:53 | Create | Scout Cavalry |
| 20:30 | Create | Villager (Male) |
| 20:31 | Create | Villager (Male) |
| 20:40 | Build | House |
| 20:41 | Build | House |
| 20:42 | Build | House |
| 20:43 | Build | House |
| 20:49 | Build | Farm |
| 21:25 | Research | Bloodlines |
| 21:29 | Create | Villager (Male) |
| 21:29 | Create | Villager (Male) |
| 21:38 | Build | Lumber Camp |
| 22:10 | Build | Farm |
| 22:20 | Create | Villager (Male) |
| 22:35 | Build | Farm |
| 23:08 | Research | Castle Age |
| 24:07 | Research | Stone Mining |
| 25:41 | Research | Wheelbarrow |
| 25:48 | Age | Castle Age |
| 25:52 | Research | Light Cavalry (upgrade) |
| 25:53 | Research | Husbandry |
| 25:56 | Create | Knight |
| 25:59 | Create | Camel Scout |
| 25:59 | Create | Camel Scout |
| 26:09 | Research | Chain Barding Armor |
| 26:22 | Create | Villager (Male) |
| 26:37 | Create | Camel Scout |
| 26:37 | Create | Camel Scout |
| 26:39 | Create | Villager (Male) |
| 26:39 | Create | Villager (Male) |
| 27:02 | Create | Scout Cavalry |
| 27:02 | Create | Scout Cavalry |
| 27:03 | Create | Scout Cavalry |
| 27:04 | Create | Villager (Male) |
Build order — Bizzy
First 150 of 223 actions detected
| 0:00 | Create | Villager (Male) |
| 0:00 | Create | Villager (Male) |
| 0:01 | Create | Villager (Male) |
| 0:03 | Build | House |
| 0:04 | Build | House |
| 0:20 | Create | Villager (Male) |
| 1:15 | Create | Villager (Male) |
| 1:47 | Create | Villager (Male) |
| 2:11 | Create | Villager (Male) |
| 2:46 | Create | Villager (Male) |
| 2:50 | Create | Villager (Male) |
| 3:11 | Build | Lumber Camp |
| 3:32 | Create | Villager (Male) |
| 4:02 | Create | Villager (Male) |
| 4:10 | Build | House |
| 4:28 | Create | Villager (Male) |
| 4:34 | Create | Villager (Male) |
| 5:15 | Create | Villager (Male) |
| 5:20 | Research | Loom |
| 5:27 | Build | Mining Camp |
| 5:30 | Create | Villager (Male) |
| 5:47 | Create | Villager (Male) |
| 6:33 | Build | House |
| 6:50 | Research | Loom |
| 7:15 | Create | Villager (Male) |
| 7:49 | Research | Feudal Age |
| 8:16 | Build | Barracks |
| 9:16 | Build | House |
| 9:31 | Create | Villager (Male) |
| 9:59 | Age | Feudal Age |
| 10:04 | Build | Archery Range |
| 10:10 | Build | Archery Range |
| 10:26 | Create | Villager (Male) |
| 10:32 | Create | Villager (Male) |
| 10:35 | Build | Palisade Wall |
| 10:50 | Build | Watch Tower |
| 10:56 | Build | Blacksmith |
| 11:02 | Build | Palisade Wall |
| 11:07 | Create | Archer |
| 11:07 | Create | Archer |
| 11:30 | Create | Villager (Male) |
| 11:44 | Research | Fletching |
| 11:44 | Research | Fletching |
| 11:51 | Build | House |
| 11:53 | Build | House |
| 12:08 | Build | Mill |
| 12:15 | Build | House |
| 12:16 | Create | Archer |
| 12:17 | Create | Archer |
| 12:35 | Build | Palisade Wall |
| 12:38 | Create | Archer |
| 12:38 | Create | Archer |
| 12:47 | Build | Palisade Wall |
| 13:05 | Create | Archer |
| 13:06 | Create | Archer |
| 13:30 | Build | Palisade Wall |
| 13:39 | Create | Archer |
| 13:39 | Create | Archer |
| 14:04 | Create | Villager (Male) |
| 14:06 | Create | Archer |
| 14:07 | Create | Villager (Male) |
| 14:17 | Build | Archery Range |
| 14:22 | Create | Archer |
| 14:33 | Create | Archer |
| 14:34 | Create | Archer |
| 14:45 | Build | Farm |
| 14:47 | Create | Villager (Male) |
| 14:52 | Build | House |
| 14:53 | Build | Palisade Wall |
| 14:58 | Create | Archer |
| 14:58 | Create | Archer |
| 15:11 | Build | House |
| 15:34 | Create | Archer |
| 15:34 | Create | Archer |
| 16:05 | Create | Archer |
| 16:05 | Create | Archer |
| 16:06 | Create | Villager (Male) |
| 16:07 | Create | Villager (Male) |
| 16:22 | Create | Villager (Male) |
| 16:30 | Create | Archer |
| 16:31 | Create | Archer |
| 16:39 | Build | House |
| 16:40 | Build | House |
| 16:50 | Create | Archer |
| 16:50 | Create | Archer |
| 16:51 | Create | Villager (Male) |
| 17:05 | Build | Farm |
| 17:07 | Build | Farm |
| 17:08 | Build | Farm |
| 17:09 | Build | Farm |
| 17:16 | Create | Archer |
| 17:17 | Create | Archer |
| 17:20 | Create | Villager (Male) |
| 17:25 | Build | Farm |
| 17:28 | Create | Archer |
| 17:28 | Create | Archer |
| 17:56 | Create | Villager (Male) |
| 17:58 | Build | House |
| 18:10 | Create | Villager (Male) |
| 18:13 | Build | Palisade Wall |
| 18:17 | Create | Archer |
| 18:17 | Create | Archer |
| 18:29 | Create | Archer |
| 18:29 | Create | Archer |
| 18:39 | Build | Watch Tower |
| 19:21 | Create | Villager (Male) |
| 19:25 | Build | Palisade Wall |
| 19:27 | Build | Palisade Wall |
| 19:35 | Create | Villager (Male) |
| 19:36 | Create | Archer |
| 19:36 | Create | Archer |
| 19:38 | Create | Archer |
| 19:38 | Create | Archer |
| 20:28 | Create | Villager (Male) |
| 20:45 | Create | Villager (Male) |
| 20:50 | Create | Villager (Male) |
| 21:06 | Build | Palisade Wall |
| 21:18 | Research | Padded Archer Armor |
| 21:19 | Create | Archer |
| 21:19 | Create | Archer |
| 21:22 | Build | Farm |
| 21:23 | Build | Farm |
| 21:24 | Build | Farm |
| 21:25 | Build | Farm |
| 21:26 | Build | Farm |
| 21:28 | Research | Double-Bit Axe |
| 21:31 | Create | Villager (Male) |
| 21:31 | Create | Archer |
| 21:32 | Create | Archer |
| 21:35 | Create | Villager (Male) |
| 21:44 | Create | Villager (Male) |
| 21:52 | Build | House |
| 21:59 | Build | Farm |
| 21:59 | Build | Farm |
| 22:00 | Build | Farm |
| 22:00 | Build | Farm |
| 22:00 | Build | Farm |
| 22:18 | Create | Archer |
| 22:44 | Build | Gate |
| 23:12 | Create | Archer |
| 23:13 | Create | Archer |
| 23:13 | Create | Archer |
| 23:17 | Create | Villager (Male) |
| 23:19 | Build | House |
| 23:28 | Create | Archer |
| 23:42 | Create | Archer |
| 23:42 | Create | Archer |
| 23:43 | Create | Villager (Male) |
| 23:44 | Create | Villager (Male) |
| 23:44 | Create | Villager (Male) |
Build order — ccereal
First 150 of 425 actions detected
| 0:00 | Research | Loom |
| 0:02 | Build | House |
| 0:03 | Build | House |
| 0:11 | Create | Villager (Male) |
| 0:15 | Create | Villager (Male) |
| 0:19 | Create | Villager (Male) |
| 1:26 | Create | Villager (Male) |
| 1:56 | Create | Villager (Male) |
| 1:57 | Create | Villager (Male) |
| 2:26 | Create | Villager (Male) |
| 2:40 | Build | House |
| 2:43 | Create | Villager (Male) |
| 2:44 | Create | Villager (Male) |
| 3:02 | Build | Lumber Camp |
| 3:16 | Create | Villager (Male) |
| 3:16 | Create | Villager (Male) |
| 3:16 | Create | Villager (Male) |
| 3:16 | Create | Villager (Male) |
| 3:48 | Create | Villager (Male) |
| 4:28 | Create | Villager (Male) |
| 4:35 | Create | Villager (Male) |
| 4:54 | Create | Villager (Male) |
| 4:54 | Create | Villager (Male) |
| 5:10 | Build | Mining Camp |
| 6:12 | Research | Feudal Age |
| 7:12 | Build | Barracks |
| 7:45 | Create | Villager (Male) |
| 7:51 | Build | House |
| 8:26 | Age | Feudal Age |
| 8:30 | Build | Archery Range |
| 8:31 | Research | Double-Bit Axe |
| 8:41 | Create | Villager (Male) |
| 9:04 | Build | House |
| 9:18 | Create | Villager (Male) |
| 9:27 | Build | Archery Range |
| 9:31 | Create | Villager (Male) |
| 9:44 | Create | Archer |
| 9:49 | Build | House |
| 10:01 | Create | Archer |
| 10:02 | Create | Villager (Male) |
| 10:29 | Create | Archer |
| 10:29 | Create | Villager (Male) |
| 10:36 | Build | Palisade Gate |
| 10:39 | Build | House |
| 10:47 | Create | Archer |
| 10:47 | Create | Archer |
| 10:49 | Create | Villager (Male) |
| 11:09 | Create | Villager (Male) |
| 11:15 | Create | Villager (Male) |
| 11:28 | Create | Archer |
| 11:35 | Create | Villager (Male) |
| 11:41 | Build | House |
| 11:42 | Create | Archer |
| 11:42 | Create | Archer |
| 11:43 | Create | Archer |
| 11:56 | Build | Blacksmith |
| 12:02 | Create | Villager (Male) |
| 12:05 | Create | Villager (Male) |
| 12:16 | Build | Mill |
| 12:22 | Create | Archer |
| 12:23 | Create | Archer |
| 12:38 | Create | Villager (Male) |
| 12:49 | Build | House |
| 12:49 | Build | House |
| 12:54 | Build | Farm |
| 12:59 | Research | Fletching |
| 13:01 | Create | Archer |
| 13:02 | Create | Archer |
| 13:21 | Create | Archer |
| 13:25 | Create | Archer |
| 13:27 | Create | Villager (Male) |
| 13:33 | Create | Archer |
| 13:33 | Create | Archer |
| 13:34 | Create | Villager (Male) |
| 13:39 | Create | Archer |
| 13:43 | Build | House |
| 13:50 | Create | Villager (Male) |
| 14:07 | Create | Archer |
| 14:07 | Create | Archer |
| 14:12 | Build | House |
| 14:14 | Create | Archer |
| 14:15 | Create | Archer |
| 14:22 | Build | Farm |
| 14:33 | Create | Archer |
| 14:34 | Create | Villager (Male) |
| 14:43 | Build | House |
| 14:44 | Create | Archer |
| 14:52 | Create | Villager (Male) |
| 14:55 | Build | Farm |
| 14:59 | Research | Padded Archer Armor |
| 15:07 | Build | Farm |
| 15:09 | Build | Farm |
| 15:25 | Create | Archer |
| 15:25 | Create | Archer |
| 15:40 | Create | Archer |
| 15:40 | Create | Archer |
| 16:11 | Create | Archer |
| 16:15 | Create | Archer |
| 16:15 | Create | Archer |
| 16:23 | Build | House |
| 16:24 | Build | Palisade Wall |
| 16:26 | Create | Villager (Male) |
| 16:32 | Build | Watch Tower |
| 16:34 | Build | Mining Camp |
| 16:37 | Create | Archer |
| 16:43 | Create | Archer |
| 16:45 | Build | Lumber Camp |
| 17:04 | Create | Archer |
| 17:29 | Create | Archer |
| 17:59 | Create | Villager (Male) |
| 18:00 | Create | Villager (Male) |
| 18:02 | Create | Archer |
| 18:02 | Create | Archer |
| 18:08 | Build | Farm |
| 18:08 | Build | Farm |
| 18:08 | Build | Farm |
| 18:09 | Build | Farm |
| 18:09 | Build | Farm |
| 18:09 | Build | Farm |
| 18:18 | Build | Palisade Wall |
| 18:45 | Build | Market |
| 19:03 | Create | Archer |
| 19:03 | Create | Archer |
| 19:11 | Build | Palisade Wall |
| 19:29 | Build | Watch Tower |
| 19:41 | Create | Archer |
| 19:55 | Research | Castle Age |
| 19:55 | Research | Castle Age |
| 19:59 | Create | Archer |
| 19:59 | Create | Archer |
| 19:59 | Create | Archer |
| 20:00 | Create | Archer |
| 20:31 | Build | Watch Tower |
| 20:34 | Create | Archer |
| 20:35 | Create | Archer |
| 20:35 | Create | Archer |
| 20:45 | Research | Horse Collar |
| 20:45 | Research | Horse Collar |
| 20:49 | Create | Archer |
| 21:13 | Build | Archery Range |
| 21:20 | Create | Archer |
| 21:20 | Create | Archer |
| 21:46 | Research | Gold Mining |
| 21:47 | Create | Archer |
| 21:48 | Create | Archer |
| 21:51 | Create | Archer |
| 21:52 | Create | Archer |
| 22:08 | Create | Archer |
| 22:08 | Create | Archer |
| 22:08 | Create | Archer |
Build order — 牛比无极限
First 150 of 220 actions detected
| 0:02 | Create | Villager (Male) |
| 0:02 | Create | Villager (Male) |
| 0:03 | Create | Villager (Male) |
| 0:03 | Create | Villager (Male) |
| 0:04 | Build | House |
| 0:07 | Build | House |
| 1:31 | Create | Villager (Male) |
| 2:17 | Research | Loom |
| 2:34 | Create | Villager (Male) |
| 2:35 | Create | Villager (Male) |
| 3:07 | Create | Villager (Male) |
| 3:07 | Create | Villager (Male) |
| 3:08 | Create | Villager (Male) |
| 3:29 | Create | Villager (Male) |
| 3:29 | Create | Villager (Male) |
| 3:37 | Build | House |
| 3:39 | Build | House |
| 3:45 | Build | Lumber Camp |
| 3:58 | Create | Villager (Male) |
| 3:58 | Create | Villager (Male) |
| 4:36 | Create | Villager (Male) |
| 4:36 | Create | Villager (Male) |
| 4:37 | Create | Villager (Male) |
| 6:05 | Create | Villager (Male) |
| 6:05 | Create | Villager (Male) |
| 6:35 | Build | Mining Camp |
| 6:55 | Create | Villager (Male) |
| 7:22 | Research | Feudal Age |
| 8:47 | Build | Barracks |
| 9:13 | Create | Villager (Male) |
| 9:14 | Create | Villager (Male) |
| 9:32 | Age | Feudal Age |
| 9:46 | Build | Archery Range |
| 9:56 | Build | House |
| 10:00 | Build | Palisade Wall |
| 10:04 | Build | Palisade Wall |
| 10:10 | Build | House |
| 10:15 | Build | Palisade Wall |
| 10:18 | Create | Villager (Male) |
| 10:25 | Create | Villager (Male) |
| 10:32 | Build | Archery Range |
| 10:54 | Create | Archer |
| 10:54 | Create | Archer |
| 11:24 | Create | Villager (Male) |
| 11:25 | Create | Villager (Male) |
| 11:25 | Create | Villager (Male) |
| 11:32 | Create | Archer |
| 11:32 | Create | Archer |
| 11:39 | Create | Archer |
| 11:39 | Create | Archer |
| 11:45 | Create | Spearman |
| 12:01 | Build | Blacksmith |
| 12:08 | Build | House |
| 12:23 | Research | Wheelbarrow |
| 12:33 | Build | Gate |
| 12:37 | Build | House |
| 12:46 | Create | Archer ×2 |
| 12:58 | Build | Stone Wall |
| 13:03 | Create | Villager (Male) |
| 13:27 | Research | Fletching |
| 14:11 | Research | Padded Archer Armor |
| 14:23 | Create | Archer ×2 |
| 14:23 | Create | Archer ×2 |
| 14:27 | Build | House |
| 14:28 | Build | House |
| 14:38 | Create | Archer |
| 14:44 | Create | Villager (Male) |
| 14:45 | Create | Villager (Male) |
| 14:52 | Create | Archer |
| 15:50 | Create | Archer ×3 |
| 16:23 | Create | Spearman |
| 16:23 | Create | Spearman |
| 16:33 | Build | House |
| 17:13 | Create | Villager (Male) |
| 17:14 | Create | Villager (Male) |
| 17:23 | Build | Mill |
| 17:26 | Create | Archer ×5 |
| 17:26 | Create | Archer ×5 |
| 17:58 | Build | House |
| 18:25 | Create | Villager (Male) |
| 18:25 | Create | Villager (Male) |
| 18:34 | Build | Farm |
| 18:35 | Build | Farm |
| 18:36 | Build | Farm |
| 18:56 | Create | Villager (Male) |
| 18:57 | Create | Villager (Male) |
| 19:06 | Build | Stone Wall |
| 19:07 | Build | Stone Wall |
| 19:11 | Build | Stone Wall |
| 19:13 | Build | Stone Wall |
| 19:24 | Create | Villager (Male) |
| 19:24 | Create | Villager (Male) |
| 19:27 | Build | Farm |
| 19:28 | Build | Farm |
| 20:00 | Build | Mill |
| 20:02 | Build | Farm |
| 20:03 | Build | Farm |
| 20:05 | Build | Farm |
| 20:06 | Build | Farm |
| 20:07 | Build | Farm |
| 20:08 | Build | Farm |
| 20:09 | Build | Farm |
| 20:22 | Create | Villager (Male) |
| 20:22 | Create | Villager (Male) |
| 20:23 | Create | Villager (Male) |
| 20:23 | Create | Villager (Male) |
| 20:43 | Build | Farm |
| 20:45 | Build | Farm |
| 21:00 | Build | Stone Wall |
| 21:06 | Build | Farm |
| 21:27 | Build | House |
| 21:29 | Build | House |
| 21:34 | Create | Villager (Male) |
| 21:46 | Research | Double-Bit Axe |
| 21:51 | Research | Horse Collar |
| 22:34 | Build | Lumber Camp |
| 22:47 | Create | Villager (Male) |
| 23:11 | Create | Villager (Male) |
| 23:22 | Research | Castle Age |
| 23:29 | Build | Mining Camp |
| 24:10 | Build | House |
| 24:13 | Build | House |
| 24:14 | Build | House |
| 25:01 | Build | Watch Tower |
| 26:17 | Age | Castle Age |
| 26:23 | Research | Bodkin Arrow |
| 26:24 | Research | Bodkin Arrow |
| 26:37 | Build | Archery Range |
| 26:58 | Create | Villager (Male) |
| 26:58 | Create | Villager (Male) |
| 26:59 | Create | Villager (Male) |
| 26:59 | Create | Villager (Male) |
| 27:11 | Research | Crossbowman (upgrade) |
| 27:36 | Build | House |
| 27:37 | Build | House |
| 27:37 | Build | House |
| 27:39 | Build | House |
| 27:42 | Research | Leather Archer Armor |
| 27:55 | Build | Mining Camp |
| 28:25 | Build | Castle |
| 29:10 | Create | Villager (Male) |
| 29:10 | Create | Villager (Male) |
| 29:10 | Create | Villager (Male) |
| 29:10 | Create | Villager (Male) |
| 29:31 | Build | Farm |
| 29:32 | Build | Farm |
| 29:32 | Build | Farm |
| 29:34 | Build | Farm |
| 29:35 | Build | Farm |
| 29:36 | Build | Farm |
Build order — p0n0n0
First 150 of 486 actions detected
| 0:01 | Create | Villager (Male) |
| 0:02 | Build | House |
| 0:04 | Build | House |
| 0:06 | Create | Villager (Male) |
| 0:11 | Create | Villager (Male) |
| 0:13 | Create | Villager (Male) |
| 1:28 | Create | Villager (Male) |
| 1:47 | Create | Villager (Male) |
| 2:23 | Create | Villager (Male) |
| 2:53 | Create | Villager (Male) |
| 3:25 | Create | Villager (Male) |
| 3:43 | Create | Villager (Male) |
| 3:47 | Create | Villager (Male) |
| 3:59 | Create | Villager (Male) |
| 4:05 | Create | Villager (Male) |
| 4:11 | Build | House |
| 4:21 | Create | Villager (Male) |
| 4:26 | Create | Villager (Male) |
| 4:50 | Build | Lumber Camp |
| 5:24 | Create | Villager (Male) |
| 5:32 | Create | Villager (Male) |
| 5:39 | Create | Villager (Male) |
| 6:46 | Research | Feudal Age |
| 6:46 | Research | Feudal Age |
| 6:55 | Build | Mill |
| 7:35 | Research | Loom |
| 7:45 | Build | House |
| 8:30 | Create | Villager (Male) |
| 8:45 | Create | Villager (Male) |
| 8:56 | Age | Feudal Age |
| 9:28 | Build | Stable |
| 9:29 | Create | Villager (Male) |
| 9:31 | Research | Double-Bit Axe |
| 9:34 | Research | Horse Collar |
| 9:34 | Research | Horse Collar |
| 9:49 | Create | Villager (Male) |
| 10:01 | Build | House |
| 10:06 | Create | Villager (Male) |
| 10:18 | Create | Villager (Male) |
| 10:23 | Build | House |
| 10:25 | Create | Villager (Male) |
| 10:46 | Build | Farm |
| 10:47 | Build | Farm |
| 10:47 | Build | Farm |
| 10:47 | Build | Farm |
| 10:57 | Create | Scout Cavalry |
| 11:08 | Build | Farm |
| 11:13 | Build | Farm |
| 11:20 | Create | Scout Cavalry |
| 11:32 | Create | Villager (Male) |
| 11:41 | Build | House |
| 12:01 | Create | Villager (Male) |
| 12:11 | Create | Villager (Male) |
| 12:16 | Build | House |
| 12:17 | Create | Villager (Male) |
| 12:19 | Create | Scout Cavalry |
| 12:22 | Create | Villager (Male) |
| 12:25 | Build | Farm |
| 12:25 | Build | Farm |
| 12:25 | Build | Farm |
| 12:34 | Create | Villager (Male) |
| 12:42 | Build | House |
| 12:46 | Build | Blacksmith |
| 12:58 | Create | Scout Cavalry |
| 12:59 | Create | Scout Cavalry |
| 13:09 | Create | Villager (Male) |
| 13:39 | Create | Villager (Male) |
| 13:55 | Create | Scout Cavalry |
| 13:56 | Create | Villager (Male) |
| 14:04 | Create | Villager (Male) |
| 14:08 | Create | Scout Cavalry |
| 14:08 | Create | Scout Cavalry |
| 14:13 | Create | Villager (Male) |
| 14:14 | Build | Farm |
| 14:15 | Build | Farm |
| 14:22 | Build | Farm |
| 14:22 | Build | Farm |
| 14:30 | Create | Villager (Male) |
| 14:37 | Build | Farm |
| 14:48 | Create | Villager (Male) |
| 14:51 | Create | Villager (Male) |
| 14:56 | Create | Scout Cavalry |
| 14:59 | Create | Scout Cavalry |
| 15:14 | Create | Scout Cavalry |
| 15:17 | Create | Villager (Male) |
| 15:20 | Research | Scale Barding Armor |
| 15:27 | Build | House |
| 15:34 | Create | Scout Cavalry |
| 15:35 | Create | Villager (Male) |
| 15:52 | Create | Scout Cavalry |
| 15:53 | Create | Scout Cavalry |
| 15:58 | Create | Villager (Male) |
| 16:08 | Create | Villager (Male) |
| 16:15 | Create | Villager (Male) |
| 16:22 | Create | Villager (Male) |
| 16:27 | Create | Scout Cavalry |
| 16:34 | Build | Farm |
| 16:34 | Build | Farm |
| 16:35 | Build | Farm |
| 16:50 | Create | Villager (Male) |
| 16:51 | Create | Scout Cavalry |
| 16:58 | Build | Farm |
| 16:58 | Build | Farm |
| 16:58 | Build | Farm |
| 16:59 | Build | Farm |
| 17:00 | Build | Mining Camp |
| 17:03 | Build | Farm |
| 17:03 | Build | Farm |
| 17:03 | Build | Farm |
| 17:04 | Create | Scout Cavalry |
| 17:05 | Create | Scout Cavalry |
| 17:06 | Create | Villager (Male) |
| 17:10 | Research | Forging |
| 17:29 | Create | Villager (Male) |
| 17:33 | Create | Scout Cavalry |
| 17:38 | Create | Scout Cavalry |
| 17:39 | Create | Scout Cavalry |
| 17:53 | Create | Villager (Male) |
| 18:06 | Create | Scout Cavalry |
| 18:07 | Create | Villager (Male) |
| 18:23 | Create | Villager (Male) |
| 18:33 | Create | Scout Cavalry |
| 18:41 | Build | House |
| 18:45 | Create | Scout Cavalry |
| 18:45 | Create | Scout Cavalry |
| 19:07 | Create | Villager (Male) |
| 19:20 | Create | Scout Cavalry |
| 19:20 | Create | Scout Cavalry |
| 19:39 | Create | Villager (Male) |
| 19:45 | Create | Scout Cavalry |
| 19:46 | Create | Scout Cavalry |
| 19:47 | Create | Scout Cavalry |
| 19:56 | Create | Villager (Male) |
| 20:08 | Create | Villager (Male) |
| 20:11 | Create | Scout Cavalry |
| 20:25 | Create | Villager (Male) |
| 20:39 | Create | Villager (Male) |
| 20:55 | Research | Wheelbarrow |
| 20:58 | Build | House |
| 21:13 | Create | Villager (Male) |
| 21:26 | Build | Mining Camp |
| 21:31 | Build | Mining Camp |
| 21:36 | Create | Scout Cavalry |
| 21:46 | Research | Castle Age |
| 21:47 | Research | Castle Age |
| 21:50 | Create | Scout Cavalry |
| 21:54 | Create | Villager (Male) |
| 22:05 | Build | Stable |
| 22:20 | Research | Bloodlines |
| 22:49 | Create | Villager (Male) |
Build order — Sauron_ator
First 150 of 357 actions detected
| 0:02 | Create | Villager (Male) ×4 |
| 0:05 | Build | House |
| 0:06 | Build | House |
| 1:23 | Create | Villager (Male) |
| 2:03 | Create | Villager (Male) ×2 |
| 2:22 | Create | Villager (Male) |
| 2:22 | Create | Villager (Male) |
| 3:24 | Create | Villager (Male) |
| 3:37 | Build | House |
| 3:53 | Create | Villager (Male) |
| 3:53 | Create | Villager (Male) |
| 3:54 | Create | Villager (Male) |
| 3:58 | Build | Lumber Camp |
| 4:13 | Create | Villager (Male) ×3 |
| 4:49 | Create | Villager (Male) |
| 4:49 | Create | Villager (Male) |
| 5:17 | Create | Villager (Male) ×3 |
| 5:21 | Build | House |
| 6:02 | Create | Villager (Male) |
| 6:10 | Build | Mill |
| 7:29 | Build | Lumber Camp |
| 7:39 | Research | Feudal Age |
| 9:00 | Build | Barracks |
| 9:34 | Build | House |
| 9:49 | Age | Feudal Age |
| 9:56 | Create | Villager (Male) |
| 10:07 | Build | Stable |
| 10:12 | Create | Villager (Male) |
| 10:24 | Create | Villager (Male) |
| 10:26 | Research | Double-Bit Axe |
| 10:26 | Research | Double-Bit Axe |
| 10:27 | Research | Loom |
| 10:28 | Research | Loom |
| 10:51 | Create | Scout Cavalry |
| 10:51 | Create | Scout Cavalry |
| 11:15 | Build | Palisade Wall |
| 11:30 | Create | Scout Cavalry |
| 11:57 | Create | Scout Cavalry |
| 12:06 | Create | Villager (Male) |
| 12:12 | Build | Farm |
| 12:12 | Build | Farm |
| 12:15 | Build | Farm |
| 12:19 | Build | House |
| 12:23 | Build | Farm |
| 12:26 | Build | House |
| 12:40 | Create | Villager (Male) |
| 12:40 | Create | Villager (Male) |
| 12:41 | Create | Scout Cavalry |
| 12:53 | Build | House |
| 12:55 | Build | Farm |
| 12:58 | Build | Farm |
| 13:06 | Build | Farm |
| 13:15 | Create | Scout Cavalry |
| 13:16 | Create | Villager (Male) |
| 13:19 | Build | Farm |
| 13:33 | Create | Scout Cavalry |
| 13:35 | Create | Villager (Male) |
| 13:50 | Build | Blacksmith |
| 13:54 | Create | Scout Cavalry |
| 13:55 | Create | Villager (Male) |
| 14:21 | Research | Scale Barding Armor |
| 14:21 | Research | Scale Barding Armor |
| 14:23 | Create | Villager (Male) |
| 14:25 | Create | Spearman |
| 14:33 | Create | Villager (Male) |
| 14:36 | Build | Farm |
| 14:38 | Create | Spearman |
| 14:41 | Build | Farm |
| 14:43 | Build | Farm |
| 14:47 | Build | Farm |
| 15:01 | Research | Forging |
| 15:01 | Research | Forging |
| 15:55 | Create | Scout Cavalry |
| 15:56 | Create | Scout Cavalry |
| 15:56 | Create | Villager (Male) |
| 15:57 | Create | Villager (Male) |
| 16:06 | Create | Villager (Male) |
| 16:08 | Build | Farm |
| 16:09 | Build | Farm |
| 16:10 | Build | Farm |
| 16:14 | Build | Mining Camp |
| 16:22 | Create | Villager (Male) |
| 16:37 | Build | Farm |
| 16:38 | Build | Farm |
| 16:39 | Build | Farm |
| 16:45 | Create | Scout Cavalry |
| 16:45 | Create | Scout Cavalry |
| 17:49 | Research | Wheelbarrow |
| 17:49 | Research | Wheelbarrow |
| 17:58 | Build | Farm |
| 17:59 | Build | Farm |
| 18:47 | Create | Villager (Male) |
| 18:47 | Create | Villager (Male) |
| 19:37 | Build | House |
| 19:37 | Build | House |
| 19:39 | Build | House |
| 19:55 | Research | Castle Age |
| 20:06 | Build | Mining Camp |
| 21:17 | Build | Stable |
| 21:23 | Research | Gold Mining |
| 21:23 | Research | Gold Mining |
| 22:35 | Age | Castle Age |
| 22:45 | Research | Light Cavalry (upgrade) |
| 22:46 | Create | Villager (Male) |
| 22:46 | Create | Villager (Male) |
| 22:48 | Research | Bow Saw |
| 22:48 | Research | Bow Saw |
| 22:50 | Create | Villager (Male) |
| 22:53 | Build | Town Center |
| 22:58 | Research | Chain Barding Armor |
| 22:58 | Research | Chain Barding Armor |
| 23:10 | Create | Villager (Male) |
| 23:10 | Create | Villager (Male) |
| 23:29 | Build | Town Center |
| 23:34 | Create | Knight |
| 23:34 | Create | Knight |
| 23:45 | Create | Knight |
| 23:50 | Create | Knight |
| 23:50 | Create | Knight |
| 24:01 | Build | Stable |
| 24:07 | Create | Knight |
| 24:10 | Research | Iron Casting |
| 24:10 | Research | Iron Casting |
| 24:13 | Create | Villager (Male) |
| 24:14 | Create | Villager (Male) |
| 24:28 | Create | Knight |
| 25:00 | Build | House |
| 25:02 | Build | House |
| 25:03 | Build | House |
| 25:04 | Create | Knight |
| 25:25 | Create | Villager (Male) ×5 |
| 25:28 | Create | Knight |
| 25:28 | Create | Knight |
| 25:37 | Build | Farm |
| 25:37 | Build | Farm |
| 25:38 | Build | Farm |
| 25:42 | Build | Farm |
| 25:42 | Build | Farm |
| 26:03 | Create | Knight |
| 26:06 | Create | Villager (Male) |
| 26:10 | Build | Farm |
| 26:18 | Create | Knight |
| 26:22 | Create | Villager (Male) |
| 26:25 | Create | Villager (Male) |
| 26:28 | Build | House |
| 26:29 | Create | Knight |
| 26:39 | Create | Knight |
| 26:56 | Create | Villager (Male) ×5 |
| 26:59 | Create | Knight |
| 27:06 | Research | Husbandry |
Match timeline
| 7:12 | ccereal · first_building Barracks |
| 7:12 | Flybidi · wall_segment Palisade Wall x4 |
| 7:36 | Flybidi · first_building Barracks |
| 7:46 | Tonymontana · first_building Barracks |
| 8:16 | Bizzy · first_building Barracks |
| 8:26 | ccereal · age_up feudal |
| 8:30 | ccereal · first_building Archery Range |
| 8:44 | Fanume · first_building Barracks |
| 8:47 | 牛比无极限 · first_building Barracks |
| 8:54 | Flybidi · age_up feudal |
| 8:55 | Tonymontana · age_up feudal |
| 8:56 | p0n0n0 · age_up feudal |
| 8:57 | Flybidi · first_building Archery Range |
| 9:00 | Sauron_ator · first_building Barracks |
| 9:04 | Tonymontana · first_building Stable |
| 9:17 | Fanume · age_up feudal |
| 9:28 | p0n0n0 · first_building Stable |
| 9:32 | 牛比无极限 · age_up feudal |
| 9:46 | 牛比无极限 · first_building Archery Range |
| 9:49 | Sauron_ator · age_up feudal |
| 9:50 | Fanume · first_building Stable |
| 9:59 | Bizzy · age_up feudal |
| 10:00 | 牛比无极限 · wall_segment Palisade Wall x1 |
| 10:04 | 牛比无极限 · wall_segment Palisade Wall x10 |
| 10:04 | Bizzy · first_building Archery Range |
| 10:07 | Sauron_ator · first_building Stable |
| 10:15 | 牛比无极限 · wall_segment Palisade Wall x3 |
| 10:35 | Bizzy · wall_segment Palisade Wall x1 |
| 11:02 | Bizzy · wall_segment Palisade Wall x5 |
| 11:15 | Sauron_ator · wall_segment Palisade Wall x11 |
| 12:35 | Bizzy · wall_segment Palisade Wall x1 |
| 12:47 | Bizzy · wall_segment Palisade Wall x12 |
| 12:58 | 牛比无极限 · wall_segment Stone Wall x3 |
| 13:30 | Bizzy · wall_segment Palisade Wall x12 |
| 14:15 | Flybidi · wall_segment Palisade Wall x5 |
| 14:53 | Bizzy · wall_segment Palisade Wall x1 |
| 15:11 | Tonymontana · first_market_sell 500 stone |
| 15:12 | Tonymontana · first_market_buy 100 food |
| 15:35 | Flybidi · wall_segment Palisade Wall x3 |
| 16:24 | ccereal · wall_segment Palisade Wall x6 |
| 16:52 | Flybidi · wall_segment Palisade Wall x2 |
| 18:13 | Bizzy · wall_segment Palisade Wall x1 |
| 18:18 | ccereal · wall_segment Palisade Wall x7 |
| 19:06 | 牛比无极限 · wall_segment Stone Wall x1 |
| 19:07 | 牛比无极限 · wall_segment Stone Wall x1 |
| 19:11 | 牛比无极限 · wall_segment Stone Wall x4 |
| 19:11 | ccereal · wall_segment Palisade Wall x8 |
| 19:13 | 牛比无极限 · wall_segment Stone Wall x2 |
| 19:25 | Bizzy · wall_segment Palisade Wall x1 |
| 19:27 | Bizzy · wall_segment Palisade Wall x1 |
| 21:00 | 牛比无极限 · wall_segment Stone Wall x5 |
| 21:06 | Bizzy · wall_segment Palisade Wall x1 |
| 21:34 | ccereal · first_market_sell 100 stone |
| 21:49 | Flybidi · first_market_sell 100 wood |
| 21:52 | Flybidi · first_market_buy 100 food |
| 22:35 | ccereal · age_up castle |
| 22:35 | Sauron_ator · age_up castle |
| 24:43 | Flybidi · age_up castle |
| 24:51 | p0n0n0 · age_up castle |
| 25:34 | p0n0n0 · first_building Monastery |
| 25:48 | Tonymontana · age_up castle |
| 26:11 | Fanume · age_up castle |
| 26:17 | 牛比无极限 · age_up castle |
| 26:30 | Fanume · first_building Siege Workshop |
| 27:03 | Fanume · first_building Monastery |
| 28:02 | Bizzy · age_up castle |
| 28:25 | 牛比无极限 · first_building Castle |
| 28:26 | Bizzy · first_building Monastery |
| 29:30 | ccereal · first_building Monastery |
| 30:07 | Bizzy · first_market_buy 100 food |
| 31:29 | ccereal · first_market_buy 100 stone |
| 32:12 | ccereal · first_building Castle |
| 34:56 | Flybidi · first_building Castle |
| 34:59 | p0n0n0 · first_market_buy 100 food |
| 36:21 | 牛比无极限 · wall_segment Stone Wall x7 |
| 36:36 | Tonymontana · first_building Castle |
| 36:38 | Bizzy · resign |
| 37:06 | Flybidi · first_building Monastery |
| 37:08 | p0n0n0 · first_building Castle |
| 38:38 | p0n0n0 · age_up imperial |
| 38:40 | Sauron_ator · first_building Monastery |
| 38:48 | ccereal · age_up imperial |
| 38:57 | 牛比无极限 · age_up imperial |
| 39:11 | Fanume · first_market_buy 100 stone |
| 41:44 | Sauron_ator · first_market_sell 500 stone |
| 41:51 | Sauron_ator · first_building Castle |
| 42:00 | Tonymontana · age_up imperial |
| 42:36 | ccereal · wall_segment Palisade Wall x1 |
| 42:36 | Sauron_ator · age_up imperial |
| 43:02 | Tonymontana · tribute_sent a jugador 1 |
| 43:02 | Tonymontana · tribute_sent a jugador 3 |
| 43:02 | Tonymontana · tribute_sent a jugador 4 |
| 43:02 | Tonymontana · tribute_sent a jugador 5 |
| 43:02 | Tonymontana · tribute_sent a jugador 6 |
| 43:02 | Tonymontana · tribute_sent a jugador 7 |
| 43:02 | Tonymontana · tribute_sent a jugador 8 |
| 43:20 | Fanume · age_up imperial |
| 44:08 | Fanume · first_building Castle |
| 44:29 | Flybidi · age_up imperial |
[ AI ANALYSIS · 1 CREDIT ]
What really happened in this match?
Wolo.gg analyzes every decision: build order, eco, micro, common mistakes by bracket. Personalized analysis on WhatsApp or Discord in 30 seconds.
Civ guide
Britons
Perfil
Jugador #19950660